BR (22 & UNDER)
INDIAN HILLS VOODOO @ HARTFORD DARTH WHALERS
08/07/2029
 
TOP OF THE 1ST
Indian Hills Voodoo batting - Pitching for Hartford Darth Whalers : RHP James Jones
Pitching: RHP James Jones
Batting: SHB Cisco Oliva 0-0: Called Strike
0-1: Ball
1-1: Ball
2-1: Ground out U3 (Groundball, 34)
Batting: RHB Joe LaFontaine 0-0: Ball
1-0: Ball
2-0: Called Strike
2-1: Fly out, F3 (Popup, 34S)
Batting: RHB César Heredia 0-0: Foul Ball, location: 2F
0-1: Ball
1-1: Ball
2-1: Ground out 6-3 (Groundball, 56)
Top of the 1st over - 0 runs, 0 hits, 0 errors, 0 left on base; Indian Hills 0 - Hartford 0
BOTTOM OF THE 1ST
Hartford Darth Whalers batting - Pitching for Indian Hills Voodoo : RHP Luis Manuel Marshall
Pitching: RHP Luis Manuel Marshall
Batting: LHB Doyle Price 0-0: Ball
1-0: Foul Ball, location: 2F
1-1: Fly out, F8 (Flyball, 89D)
Batting: RHB Ryan Thrippleton 0-0: Foul Ball, location: 2F
0-1: Called Strike
0-2: Ball
1-2: Ball
2-2: Ball
3-2: Foul Ball, location: 2F
3-2: Foul Ball, location: 2F
3-2: Strikes out swinging
Batting: LHB Steve Woods 0-0: Called Strike
0-1: Ball
1-1: Ball
2-1: Ground out 6-3 (Groundball, 6M)
Bottom of the 1st over - 0 runs, 0 hits, 0 errors, 0 left on base; Indian Hills 0 - Hartford 0
TOP OF THE 2ND
Indian Hills Voodoo batting - Pitching for Hartford Darth Whalers : RHP James Jones
Batting: RHB José Núñez 0-0: Ball
1-0: Fly out, F9 (Flyball, 89S)
Batting: RHB Dave McGuire 0-0: Foul Ball, location: 2F
0-1: Ball
1-1: DOUBLE (Flyball, 89XD)
Batting: RHB Greg Williams 0-0: Ball
1-0: Called Strike
1-1: Fly out, F9 (Flyball, 9LMF)
Now in RF: Bill Poe
Batting: RHB William Knisley 0-0: Ground out 5-3 (Groundball, 5L)
Top of the 2nd over - 0 runs, 1 hit, 0 errors, 1 left on base; Indian Hills 0 - Hartford 0
BOTTOM OF THE 2ND
Hartford Darth Whalers batting - Pitching for Indian Hills Voodoo : RHP Luis Manuel Marshall
Batting: LHB Bill Poe 0-0: Foul Ball, location: 2F
0-1: Ball
1-1: Fly out, F7 (Line Drive, 78D)
Batting: LHB Alejandro Gómez 0-0: Foul Ball, location: 2F
0-1: Ground out 6-3 (Groundball, 6M)
Batting: LHB Fernando Martínez 0-0: Ground out 6-3 (Groundball, 6S)
Bottom of the 2nd over - 0 runs, 0 hits, 0 errors, 0 left on base; Indian Hills 0 - Hartford 0
TOP OF THE 3RD
Indian Hills Voodoo batting - Pitching for Hartford Darth Whalers : RHP James Jones
Batting: LHB José Castillo 0-0: Ball
1-0: Ball
2-0: Called Strike
2-1: Foul Ball, location: 2F
2-2: Strikes out swinging
Batting: RHB Norman Hopkins 0-0: Ball
1-0: Fly out, F6 (Flyball, 6MD)
Batting: SHB Cisco Oliva 0-0: Called Strike
0-1: Swinging Strike
0-2: Strikes out looking
Top of the 3rd over - 0 runs, 0 hits, 0 errors, 0 left on base; Indian Hills 0 - Hartford 0
BOTTOM OF THE 3RD
Hartford Darth Whalers batting - Pitching for Indian Hills Voodoo : RHP Luis Manuel Marshall
Batting: RHB Luis Manuel Miranda 0-0: Foul Ball, location: 2F
0-1: SOLO HOME RUN (Flyball, 9D), Distance : 416 ft
Batting: RHB Ernesto Quintero 0-0: Called Strike
0-1: Ball
1-1: Called Strike
1-2: Ball
2-2: Ball
3-2: Strikes out swinging
Batting: RHB Justin López 0-0: Ball
1-0: Called Strike
1-1: SINGLE (Groundball, 6MD)
Batting: LHB Doyle Price 0-0: Ball
1-0: Called Strike
1-1: Fielders Choice at 2nd, 5-4 (Groundball, 56)
Batting: RHB Ryan Thrippleton 0-0: Called Strike
0-1: Ball
1-1: Fly out, F8 (Flyball, 8RS)
Bottom of the 3rd over - 1 run, 2 hits, 0 errors, 1 left on base; Indian Hills 0 - Hartford 1
TOP OF THE 4TH
Indian Hills Voodoo batting - Pitching for Hartford Darth Whalers : RHP James Jones
Batting: RHB Joe LaFontaine 0-0: Called Strike
0-1: Ball
1-1: Ground out 6-3 (Groundball, 6)
Batting: RHB César Heredia 0-0: Swinging Strike
0-1: Swinging Strike
0-2: Strikes out swinging
Batting: RHB José Núñez 0-0: Ball
1-0: Called Strike
1-1: Foul Ball, location: 2F
1-2: Ball
2-2: Ball
3-2: Fly out, F8 (Line Drive, 8LD)
Top of the 4th over - 0 runs, 0 hits, 0 errors, 0 left on base; Indian Hills 0 - Hartford 1
BOTTOM OF THE 4TH
Hartford Darth Whalers batting - Pitching for Indian Hills Voodoo : RHP Luis Manuel Marshall
Batting: LHB Steve Woods 0-0: Called Strike
0-1: Called Strike
0-2: Foul Ball, location: 2F
0-2: Ball
1-2: Strikes out looking
Batting: LHB Bill Poe 0-0: Called Strike
0-1: Called Strike
0-2: Strikes out swinging
Batting: LHB Alejandro Gómez 0-0: SINGLE (Groundball, 34S) (infield hit)
Batting: LHB Fernando Martínez 0-0: Ball
1-0: Fly out, F6 (Line Drive, 6)
Bottom of the 4th over - 0 runs, 1 hit, 0 errors, 1 left on base; Indian Hills 0 - Hartford 1
TOP OF THE 5TH
Indian Hills Voodoo batting - Pitching for Hartford Darth Whalers : RHP James Jones
Batting: RHB Dave McGuire 0-0: Foul Ball, location: 2F
0-1: Called Strike
0-2: Fly out, F5 (Line Drive, 5)
Batting: RHB Greg Williams 0-0: Ball
1-0: Swinging Strike
1-1: Ball
2-1: Foul Ball, location: 2F
2-2: Foul Ball, location: 2F
2-2: Strikes out swinging
Batting: RHB William Knisley 0-0: Ball
1-0: Foul Ball, location: 2F
1-1: Foul Ball, location: 2F
1-2: Strikes out swinging
Top of the 5th over - 0 runs, 0 hits, 0 errors, 0 left on base; Indian Hills 0 - Hartford 1
BOTTOM OF THE 5TH
Hartford Darth Whalers batting - Pitching for Indian Hills Voodoo : RHP Luis Manuel Marshall
Batting: RHB Luis Manuel Miranda 0-0: Called Strike
0-1: Foul Ball, location: 2F
0-2: Strikes out swinging
Batting: RHB Ernesto Quintero 0-0: Called Strike
0-1: Ball
1-1: Fly out, F9 (Flyball, 9S)
Batting: RHB Justin López 0-0: Foul Ball, location: 2F
0-1: Ground out 6-3 (Groundball, 6)
Bottom of the 5th over - 0 runs, 0 hits, 0 errors, 0 left on base; Indian Hills 0 - Hartford 1
TOP OF THE 6TH
Indian Hills Voodoo batting - Pitching for Hartford Darth Whalers : RHP James Jones
Batting: LHB José Castillo 0-0: Called Strike
0-1: Fly out, F8 (Flyball, 8RD)
Batting: RHB Norman Hopkins 0-0: Called Strike
0-1: Ball
1-1: SINGLE (Line Drive, 89S)
Batting: SHB Cisco Oliva 0-0: Ball
1-0: Swinging Strike
1-1: Foul Ball, location: 2F
1-2: Ball
2-2: Ball
3-2: Strikes out swinging
Batting: RHB Joe LaFontaine 0-0: Called Strike
Norman Hopkins steals 2nd base
0-1: Foul Ball, location: 2F
0-2: Foul Ball, location: 2F
0-2: Ball
1-2: Foul Ball, location: 2F
1-2: Strikes out looking
Top of the 6th over - 0 runs, 1 hit, 0 errors, 1 left on base; Indian Hills 0 - Hartford 1
BOTTOM OF THE 6TH
Hartford Darth Whalers batting - Pitching for Indian Hills Voodoo : RHP Luis Manuel Marshall
Batting: LHB Doyle Price 0-0: Bunted foul
0-1: Ball
1-1: Called Strike
1-2: Ground out 1-3 (Groundball, 15S)
Batting: RHB Ryan Thrippleton 0-0: Ball
1-0: Ball
2-0: Called Strike
2-1: Ball
3-1: Fly out, F7 (Flyball, 7LD)
Batting: LHB Steve Woods 0-0: Called Strike
0-1: Ball
1-1: Called Strike
1-2: Strikes out looking
Bottom of the 6th over - 0 runs, 0 hits, 0 errors, 0 left on base; Indian Hills 0 - Hartford 1
TOP OF THE 7TH
Indian Hills Voodoo batting - Pitching for Hartford Darth Whalers : RHP James Jones
Batting: RHB César Heredia 0-0: Ball
1-0: Fly out, F9 (Flyball, 89D)
Batting: RHB José Núñez 0-0: Called Strike
0-1: Foul Ball, location: 2F
0-2: Strikes out swinging
Batting: RHB Dave McGuire 0-0: Ball
1-0: Foul Ball, location: 2F
1-1: Ball
2-1: Ball
3-1: Called Strike
3-2: Foul Ball, location: 2F
3-2: Fly out, F9 (Flyball, 9LMF)
Top of the 7th over - 0 runs, 0 hits, 0 errors, 0 left on base; Indian Hills 0 - Hartford 1
BOTTOM OF THE 7TH
Hartford Darth Whalers batting - Pitching for Indian Hills Voodoo : RHP Luis Manuel Marshall
Batting: LHB Bill Poe 0-0: Ball
1-0: Ball
2-0: Called Strike
2-1: Ball
3-1: SINGLE (Groundball, 6MD)
Batting: LHB Alejandro Gómez 0-0: Foul Ball, location: 2F
0-1: Ball
1-1: 2-RUN HOME RUN (Flyball, 78XD), Distance : 437 ft
Batting: LHB Fernando Martínez 0-0: Foul Ball, location: 2F
0-1: Ball
1-1: Fly out, F8 (Flyball, 8RS)
Batting: RHB Luis Manuel Miranda 0-0: Ball
1-0: Foul Ball, location: 2F
1-1: Ball
2-1: Ball
3-1: Base on Balls
Pitching: RHP Michael MacDonald
Batting: RHB Ernesto Quintero 0-0: Foul Ball, location: 2F
0-1: Called Strike
0-2: Fly out, F8 (Flyball, 8RXD)
Batting: RHB Justin López 0-0: Called Strike
0-1: Called Strike
0-2: Strikes out swinging
Bottom of the 7th over - 2 runs, 2 hits, 0 errors, 1 left on base; Indian Hills 0 - Hartford 3
TOP OF THE 8TH
Indian Hills Voodoo batting - Pitching for Hartford Darth Whalers : RHP James Jones
Batting: RHB Greg Williams 0-0: Ball
1-0: Foul Ball, location: 2F
1-1: Swinging Strike
1-2: Ball
2-2: Foul Ball, location: 2F
2-2: Ball
3-2: Fly out, F9 (Flyball, 9LDF)
Batting: RHB William Knisley 0-0: Ball
1-0: SINGLE (Groundball, 56D)
Batting: LHB José Castillo 0-0: Fly out, F9 (Flyball, 9S)
Batting: RHB Norman Hopkins 0-0: Foul Ball, location: 2F
0-1: Swinging Strike
0-2: Ball
1-2: Ball
2-2: Ball
3-2: Foul Ball, location: 2F
3-2: SINGLE (Groundball, 5D)
William Knisley to second
William Knisley to third
Batting: SHB Cisco Oliva 0-0: Fly out, F4 (Popup, 4D)
Top of the 8th over - 0 runs, 2 hits, 0 errors, 2 left on base; Indian Hills 0 - Hartford 3
BOTTOM OF THE 8TH
Hartford Darth Whalers batting - Pitching for Indian Hills Voodoo : RHP Michael MacDonald
Batting: LHB Doyle Price 0-0: Foul Ball, location: 2F
0-1: Fly out, F8 (Line Drive, 78D)
Batting: RHB Ryan Thrippleton 0-0: Ball
1-0: Ball
2-0: Ball
3-0: Called Strike
3-1: Fly out, F8 (Flyball, 89M)
Batting: LHB Steve Woods 0-0: Called Strike
0-1: Ball
1-1: Foul Ball, location: 2F
1-2: Foul Ball, location: 2F
1-2: Ball
2-2: Ball
3-2: Strikes out looking
Bottom of the 8th over - 0 runs, 0 hits, 0 errors, 0 left on base; Indian Hills 0 - Hartford 3
TOP OF THE 9TH
Indian Hills Voodoo batting - Pitching for Hartford Darth Whalers : RHP James Jones
Batting: RHB Joe LaFontaine 0-0: Ball
1-0: Foul Ball, location: 2F
1-1: Ball
2-1: Fly out, F7 (Flyball, 7)
Batting: RHB César Heredia 0-0: Foul Ball, location: 2F
0-1: Fly out, F7 (Line Drive, 78M)
Batting: RHB José Núñez 0-0: Ball
1-0: Called Strike
1-1: Called Strike
1-2: Ball
2-2: Ball
3-2: Strikes out swinging
Top of the 9th over - 0 runs, 0 hits, 0 errors, 0 left on base; Indian Hills 0 - Hartford 3
Saturday, December 16th, 2017 - OOTP Baseball 18.8 Build 76